 Dungeon Crawl Stone Soup version 0.30.1-4-g462c640d31 (webtiles) character file.

Game seed: 8709805844717929309

564176 GamesABlazin the Impregnable (level 25, -27/227 HPs)
             Began as a Minotaur Fighter on Aug 14, 2023.
             Was a High Priest of the Shining One.
             Annihilated by an Orb Guardian (45 damage)
             ... while paralysed
             ... on level 5 of the Realm of Zot.
             The game lasted 02:43:19 (45866 turns).

GamesABlazin the Impregnable (Minotaur Fighter)    Turns: 45866, Time: 02:43:19

Health: -27/227    AC: 54    Str: 36    XL:     25   Next: 44%
Magic:  26/41      EV:  2    Int:  0    God:    the Shining One [*****.]
Gold:   2571       SH:  0    Dex: 24    Spells: 24/24 levels left

rFire   + + +        O - +10 broad axe "Earthworm" {venom, Fly Will+}
rCold   + + .        m - +8 tower shield
rNeg    + + +        s - +13 crystal plate armour of Fyrechib {MP+9 SInv}
rPois   +            y - +1 hat of the Stag {Rampage rElec Dex+4 Stlth+}
rElec   +            X - scarf of Defiance {rC+ rF+, rN+ Regen+ Dex-2}
rCorr   +            t - +2 pair of gloves {Stlth+}
SInv    +            N - +2 pair of boots of the Changing Gods {Dex+9}
Will    ++...        I - amulet of Bisam {Faith Fragile rElec Regen+ Dex+3} Stlth
                     H - ring of protection from fire
HPRegen 2.17/turn    v - +4 ring of slaying {mikee_}
MPRegen 0.27/turn

%: rampage, faith
@: confused, paralysed, divinely shielded, about to teleport, resistant,
ambrosia-drunk, flying, hasted and slowed, lost intelligence, glowing, unable to
read
A: horns 2, retaliatory headbutt, deterioration 1, dopey 2, frail 1, low MP 1,
shaggy fur 1, strong 1, wild magic 1
}: 3/15 runes: barnacled, silver, gossamer
a: Renounce Religion, Divine Shield, Cleansing Flame, Summon Divine Warrior


You were on level 5 of the Realm of Zot.
You worshipped the Shining One.
The Shining One was extremely pleased with you.
You visited 10 branches of the dungeon, and saw 48 of its levels.
You visited the Abyss 1 time.

You collected 6912 gold pieces.
You spent 4341 gold pieces at shops.

Inventory:

Hand Weapons
 L - the +10 whip "Wanuor" {elec, rPois rF++ Str+3 Stlth-}
   (You found it on level 7 of the Dungeon)

   Str:       It affects your strength (+3).
   rF:        It greatly protects you from fire.
   rPois:     It protects you from poison.
   Stlth:     It makes you less stealthy.
 O - the +10 broad axe "Earthworm" (weapon) {venom, Fly Will+}
   (You acquired it on level 5 of the Dungeon)

   Fly:       It grants you flight.
   Will:      It increases your willpower.
Missiles
 k - 15 javelins
 x - 5 curare-tipped darts
 A - 5 throwing nets
 S - 17 silver javelins (quivered)
Armour
 m - a +8 tower shield (worn)
 s - the +13 crystal plate armour of Fyrechib (worn) {MP+9 SInv}
   (You acquired it on level 2 of the Orcish Mines)

   MP:        It affects your magic capacity (+9).
   SInv:      It lets you see invisible.
 t - a +2 pair of gloves of stealth (worn)
 y - the +1 hat of the Stag (worn) {Rampage rElec Dex+4 Stlth+}
   (You acquired it on level 2 of the Orcish Mines)

   Dex:       It affects your dexterity (+4).
   rElec:     It insulates you from electricity.
   Rampage:   It bestows one free step when moving towards enemies.
   Stlth:     It makes you more stealthy.
 N - the +2 pair of boots of the Changing Gods (worn) {Dex+9}
   (You acquired it on level 2 of the Orcish Mines)

   Dex:       It affects your dexterity (+9).
 X - the scarf of Defiance (worn) {rC+ rF+, rN+ Regen+ Dex-2}
   (You acquired it on level 7 of the Dungeon)

   Dex:       It affects your dexterity (-2).
   rN:        It protects you from negative energy.
   Regen:     It increases your rate of health regeneration.
Jewellery
 g - a +6 ring of intelligence
 r - a +6 ring of strength
 v - a +4 ring of slaying (right hand) {mikee_}
 F - a +4 ring of protection
 H - a ring of protection from fire (left hand)
 I - the amulet of Bisam (around neck) {Faith Fragile rElec Regen+ Dex+3}
   (You bought it in a shop on level 3 of the Elven Halls)

   [amulet of faith]

   It allows you to gain divine favour quickly.
   Dex:       It affects your dexterity (+3).
   rElec:     It insulates you from electricity.
   Regen:     It increases your rate of health regeneration.
   Fragile:   It will be destroyed if unequipped.
 R - a ring of protection from cold
 Y - an amulet of faith
Wands
 E - a wand of flame (115)
 Q - a wand of paralysis (33)
 V - a wand of digging (23)
Scrolls
 a - 7 scrolls of silence {!r}
 b - 11 scrolls of immolation {Mintice}
 p - 6 scrolls of fear {!r}
 q - 10 scrolls of poison
 z - 10 scrolls of magic mapping
 M - 20 scrolls of teleportation {!r}
 U - 8 scrolls of fog {!r}
Potions
 c - 5 potions of invisibility {Dilly}
 d - 10 potions of might {!q}
 i - 9 potions of ambrosia
 j - 12 potions of mutation
 o - 6 potions of berserk rage {!q}
 u - 2 potions of resistance
 w - 8 potions of brilliance
 D - 8 potions of haste {!q}
 G - 14 potions of curing {!q}
 J - a potion of magic
 P - a potion of cancellation {!q}
 T - 4 potions of attraction
 W - 10 potions of lignification
Miscellaneous
 l - a phantom mirror (inert)
 B - a tin of tremorstones (2/2)
 C - a phial of floods (inert)
 K - a lightning rod (4/4)
 Z - a box of beasts


   Skills:
 + Level 26.3 Fighting
 - Level 18.0 Axes
 - Level 10.0 Throwing
 + Level 26.3 Armour
 - Level 10.0 Dodging
 + Level 26.2 Shields
 - Level 20.0 Invocations


You had 24 spell levels left.
You didn't know any spells.
Your spell library contained the following spells:

 Spells                   Type           Power      Damage    Failure   Level
 Apportation              Tloc           0%         N/A       98%         1
 Beastly Appendage        Tmut           0%         N/A       98%         1
 Foxfire                  Conj/Fire      0%         2x1d4     98%         1
 Magic Dart               Conj           0%         1d3       98%         1
 Sandblast                Erth           0%         2d4       98%         1
 Slow                     Hex            0%         N/A       98%         1
 Blink                    Tloc           0%         N/A       99%         2
 Cigotuvi's Dreadful Rot  Necr/Pois/Air  0%         N/A       99%         2
 Ensorcelled Hibernation  Hex/Ice        0%         N/A       99%         2
 Lesser Beckoning         Tloc           0%         N/A       99%         2
 Momentum Strike          Conj/Tloc      0%         3d8       99%         2
 Passwall                 Tmut/Erth      0%         N/A       99%         2
 Poisonous Vapours        Pois/Air       0%         N/A       99%         2
 Scorch                   Fire           0%         2d5       99%         2
 Searing Ray              Conj           0%         2d4       99%         2
 Static Discharge         Conj/Air       0%         2-2/arc   99%         2
 Sublimation of Blood     Necr           0%         N/A       99%         2
 Wereblood                Tmut           0%         N/A       99%         2
 Confusing Touch          Hex            0%         N/A       100%        3
 Gell's Gravitas          Tloc           0%         N/A       100%        3
 Hailstorm                Conj/Ice       0%         3d3       100%        3
 Ignite Poison            Fire/Tmut/Pois 0%         N/A       100%        3
 Inner Flame              Hex/Fire       0%         N/A       100%        3
 Mephitic Cloud           Conj/Pois/Air  0%         N/A       100%        3
 Portal Projectile        Hex/Tloc       0%         N/A       100%        3
 Spider Form              Tmut/Pois      0%         N/A       100%        3
 Stone Arrow              Conj/Erth      0%         3d7       100%        3
 Summon Guardian Golem    Hex/Summ       0%         N/A       100%        3
 Teleport Other           Tloc           0%         N/A       100%        3
 Tukima's Dance           Hex            0%         N/A       100%        3
 Vampiric Draining        Necr           0%         2d6       100%        3
 Airstrike                Air            0%         2d(0-16)  100%        4
 Anguish                  Hex/Necr       0%         N/A       100%        4
 Animate Armour           Summ/Erth      0%         N/A       100%        4
 Cause Fear               Hex            0%         N/A       100%        4
 Flame Wave               Conj/Fire      0%         2d4       100%        4
 Fulminant Prism          Conj/Hex       0%         3d5       100%        4
 Ice Form                 Ice/Tmut       0%         N/A       100%        4
 Manifold Assault         Tloc           0%         N/A       100%        4
 Petrify                  Tmut/Erth      0%         N/A       100%        4
 Summon Ice Beast         Ice/Summ       0%         N/A       100%        4
 Summon Lightning Spire   Summ/Air       0%         N/A       100%        4
 Alistair's Intoxication  Tmut/Pois      0%         N/A       100%        5
 Blade Hands              Tmut           0%         N/A       100%        5
 Fireball                 Conj/Fire      0%         3d3       100%        5
 Freezing Cloud           Conj/Ice/Air   0%         6-21      100%        5
 Irradiate                Conj/Tmut      0%         3d11      100%        5
 Iskenderun's Battlesphe  Conj           0%         2d6       100%        5
 Summon Forest            Summ/Tloc      0%         N/A       100%        5
 Summon Mana Viper        Hex/Summ       0%         N/A       100%        5
 Yara's Violent Unravell  Hex/Tmut       0%         3d3       100%        5
 Conjure Ball Lightning   Conj/Air       0%         3x3d6     100%        6
 Dispersal                Tloc           0%         N/A       100%        6
 Eringya's Noxious Bog    Tmut/Pois      0%         N/A       100%        6
 Simulacrum               Ice/Necr       0%         N/A       100%        6
 Summon Cactus Giant      Summ           0%         N/A       100%        6
 Dragon Form              Tmut           0%         N/A       100%        7
 Enfeeble                 Hex            0%         N/A       100%        7
 Monstrous Menagerie      Summ           0%         N/A       100%        7
 Orb of Destruction       Conj           0%         9d5       100%        7
 Storm Form               Tmut/Air       0%         N/A       100%        7
 Summon Hydra             Summ           0%         N/A       100%        7
 Disjunction              Tloc           0%         N/A       100%        8
 Lehudib's Crystal Spear  Conj/Erth      0%         10d2      100%        8
 Necromutation            Tmut/Necr      0%         N/A       100%        8
 Dragon's Call            Summ           0%         N/A       100%        9


Dungeon Overview and Level Annotations

Branches:
Dungeon (15/15)            Temple (1/1) D:4            Lair (5/5) D:9
 Shoals (4/4) Lair:2       Spider (4/4) Lair:3        Slime (0/5) Lair:4
    Orc (2/2) D:9             Elf (3/3) Orc:2        Vaults (5/5) D:13
  Crypt (0/3) Vaults:3     Depths (4/4) D:15            Zot (5/5) Depths:4

Altars:
Ashenzari
Cheibriados
Dithmenos
Elyvilon
Fedhas
Gozag
Hepliaklqana
Kikubaaqudgha
Makhleb
Nemelex Xobeh
Okawaru
Qazlal
Ru
Sif Muna
Trog
Uskayaw
Vehumet
Wu Jian
Xom
Yredelemnul
Zin
The Shining One
Jiyva

Shops:
D:3 (   D:4 =   Orc:2 [?:?   Elf:3 *=:   Shoals:3 !   Vaults:1 [   Vaults:2 (
Depths:4 :=:

Portals:
Hell: Depths:1 Depths:2 Depths:3 Depths:4
Abyss: Depths:1 Depths:3
Pandemonium: Depths:2 Depths:3
Ziggurat: Depths:3
Trove: D:12 (give 2 scrolls of acquirement)

Annotations:
D:5 2 runed translucent doors, booth's ghost, novice DsMo
Spider:4 2 transporters, Foghir's ghost, adept HaHu
Orc:1 exclusion: oklob plant
Zot:3 2 transporters


Innate Abilities, Weirdness & Mutations

You have a pair of horns on your head.
You reflexively headbutt those who attack you in melee.
Your body sometimes deteriorates upon taking damage.
You are very dopey. (Int -4)
You are frail. (-10% HP)
Your magical capacity is low. (-10% MP)
You are covered in fur. (AC +1)
Your muscles are strong. (Str +4, Int/Dex -1)
Your spells are a little harder to cast, but a little more powerful.


Message History

Your butterfly disappears in a burst of colours!
The dread lich gestures at you while chanting.
You resist with some effort.
A shadow dragon comes into view.
The Orb Guardian seems to regain its courage.
The death cob is engulfed in a cloud of scalding steam.
The death cob hits you but does no damage.
The Orb Guardian hits you but does no damage.
The death cob is engulfed in a cloud of scalding steam.
The death cob hits you but does no damage.
Your angel hits the orb of fire with a +1 whip of holy wrath!
Your angel misses the orb of fire. The Orb Guardian barely misses you.
The orb of fire glows yellow.
The bolt of fire hits you! You resist.
* * * LOW HITPOINT WARNING * * *
The bolt of fire hits the orb of fire.
The orb of fire completely resists.
The death cob hits you but does no damage.
The ancient lich closely misses your butterfly.
The dread lich touches you but does no damage.
The death cob hits you!! The Shining One protects you from harm!
The Orb Guardian hits you but does no damage.
Your angel misses the orb of fire. x2
The death cob hits you but does no damage.
The Orb Guardian hits you but does no damage.
The Killer Klown karate-kicks your butterfly with a +8 club of venom!!
Your butterfly dies!
Your butterfly disappears in a burst of colours!
Your angel gestures.
Your angel is healed somewhat.
The dread lich gestures at you while chanting.
You resist with some effort.
The death cob hits you but does no damage.
The Orb Guardian hits you but does no damage.
The death cob hits you.
* * * LOW HITPOINT WARNING * * *
The death cob drains your vigour!
You feel yourself slow down.
The moth of wrath closely misses your butterfly.
The Orb Guardian hits you!!!
You die...

.........▓▓▓▓
...................▓▓
....................▓▓
.....................▓
.....^.....b.........▓
.......).....b.~~~..▓
..^✱.........p✱~~~.▓
...9.......bbL@✱.~▓▓
.y.....^....bC✱✱...▓▓
.L..^(..b.L..yb.z...▓▓
.^.....D.?.b...b.A...▓
.....z..✱.C..b9b.....▓
....................▓▓
...............b?..▓▓
▓▓▓.........^....D▓▓
#▓▓▓▓▓▓▓▓▓▓▓##¤¤.¤.▓▓


You could see 5 orbs of fire, a Killer Klown, an electric golem, a shadow dragon
(distracted), an ancient lich, a dread lich, a storm dragon, a death cob (ally
target), 2 Orb Guardians, a moth of wrath and a friendly angel (summoned).

Vanquished Creatures
  2 dread liches
  An orb of fire (Zot:3)
  A juggernaut (Depths:2)
  Bai Suzhen (Elf:3)
  A Killer Klown (Zot:4)
  5 caustic shrikes
  A caustic shrike (shapeshifter) (Vaults:5)
  6 golden dragons
  Jorgrun (D:15)
  An electric golem (Zot:1)
  14 tentacled monstrosities
  A walking earthen tome (Depths:3)
  A deep elf master archer (Elf:3)
  3 titans
  8 Orb Guardians (Zot:5)
  Rupert (Lair:3)
  7 quicksilver dragons
  4 death cobs
  A lich (Abyss:2)
  A deep elf blademaster (Elf:3)
  A walking frostbound tome (Depths:2)
  Polyphemus (Shoals:3)
  A tentacled starspawn (Abyss:2)
  2 sphinxes
  6 shadow dragons
  12 storm dragons
  9 tengu reavers
  Donald (Elf:1)
  9 draconian monks
  7 draconian knights
  7 deep elf sorcerers
  4 spectral caustic shrikes (Depths:1)
  7 draconian scorchers
  3 emperor scorpions (Spider:4)
  8 fire giants
  An iron dragon (Depths:2)
  12 frost giants
  Louise (Spider:3)
  16 vault wardens
  A draconian shifter (Zot:1)
  A broodmother (Spider:4)
  4 ghost moths
  2 deep elf elementalists (Elf:3)
  2 spriggan defenders (Depths:2)
  4 orc warlords
  16 ironbound preservers
  A draconian stormcaller (Zot:4)
  6 draconian annihilators
  3 war gargoyles
  23 very ugly things
  18 stone giants
  A vampire knight (Depths:2)
  7 ironbound thunderhulks
  5 deep elf demonologists
  Nessos (Lair:3)
  12 dire elephants
  7 green draconians
  9 black draconians
  Azrael (D:15)
  7 yellow draconians
  4 deep elf annihilators
  13 red draconians
  10 spark wasps
  13 purple draconians
  10 white draconians
  Snorg (D:14)
  2 crystal guardians
  9 ettins
  11 fire dragons
  7 merfolk impalers
  3 deep elf death magi
  7 merfolk javelineers
  3 entropy weavers
  3 deep elf high priests
  11 yaktaur captains
  4 great orbs of eyes
  2 peacekeepers
  3 rakshasas
  Fannar (D:11)
  27 vault guards
  5 ice dragons
  4 hydras
  Erolcha (D:11)
  4 merfolk avatars
  A catoblepas (D:14)
  4 ironbound frosthearts
  5 ogre magi
  3 spriggan air magi
  2 alligator snapping turtles
  9 centaur warriors
  16 two-headed ogres
  2 radroaches
  Erica (D:8)
  6 boulder beetles
  20 dancing weapons
  12 death yaks
  10 deep troll shamans
  A death knight (Vaults:3)
  2 satyrs
  6 deep troll earth magi
  A vampire mage (Depths:1)
  7 spriggan berserkers
  9 tengu warriors
  2 hell knights
  Nergalle (D:11)
  2 soul eaters
  8 skeletal warriors
  3 sun moths
  8 iron trolls (Depths:2)
  A skyshark (Lair:3)
  15 deep elf knights
  A goliath frog (shapeshifter) (Vaults:5)
  6 pharaoh ants
  A glowing orange brain (shapeshifter) (Vaults:5)
  2 flayed ghosts
  A death drake (Depths:4)
  4 sea snakes
  6 orb spiders
  62 deep trolls
  28 slime creatures
  A death drake (shapeshifter) (Depths:2)
  10 deep elf archers
  6 lindwurms (Vaults:1)
  13 ironbound convokers
  Pikel (D:7)
  7 wizards
  5 glowing orange brains
  19 deep elf pyromancers
  5 steelbarb worms (Spider:4)
  3 phantasmal warriors
  7 harpies
  3 necromancers
  18 deep elf zephyrmancers
  14 fauns
  A tengu skeleton (Vaults:3)
  10 manticores
  43 ugly things
  2 orc knights (Vaults:1)
  15 wolf spiders
  4 cyclopes
  A manticore (shapeshifter) (Depths:2)
  A will-o-the-wisp (Abyss:2)
  A worldbinder (Abyss:2)
  20 moths of wrath
  An apocalypse crab (Abyss:2)
  7 merfolk sirens
  20 elephants
  An elf zombie (Vaults:2)
  19 vault sentinels
  8 black mambas
  An orange demon (Abyss:2)
  11 water nymphs
  4 demonic crawlers
  3 gargoyles
  A torpor snail (Spider:4)
  41 yaktaurs
  A hellion (Abyss:2)
  5 rime drakes
  15 cane toads
  A kobold demonologist (D:10)
  2 unseen horrors
  11 komodo dragons
  3 freezing wraiths
  3 tengu conjurers
  An ancient zyme (Abyss:2)
  6 starcursed masses (Abyss:2)
  7 merfolk
  11 trolls
  A queen bee (shapeshifter) (Depths:3)
  5 meliai
  6 wind drakes
  4 tyrant leeches (Lair:5)
  A polar bear (Lair:2)
  A raiju (shapeshifter) (D:14)
  19 tarantellas
  3 hornets
  25 blink frogs
  4 dream sheep
  5 snapping turtles
  A spriggan zombie (Depths:2)
  4 raiju (Abyss:2)
  A human simulacrum (Vaults:3)
  24 jumping spiders
  6 air elementals
  A small abomination (Abyss:2)
  A jumping spider (shapeshifter) (Vaults:5)
  A culicivora (shapeshifter) (Elf:1)
  6 spriggans
  A shadow (D:10)
  2 wraiths
  A spriggan skeleton (Depths:2)
  29 water elementals
  3 ynoxinuls (Abyss:2)
  19 culicivoras
  A deep troll skeleton (Vaults:2)
  4 large abominations (Abyss:2)
  2 wyverns
  A human (shapeshifter) (D:13)
  9 humans (D:13)
  28 yaks
  6 fire elementals
  8 basilisks
  4 steam dragons
  8 vampire mosquitoes
  32 redbacks
  2 neqoxecs (Abyss:2)
  An acid dragon (D:9)
  15 water moccasins
  2 hell hounds (D:15)
  A floating eye (Depths:2)
  A black bear (shapeshifter) (Vaults:5)
  5 sky beasts
  23 ogres
  12 orc warriors
  9 black bears
  2 ice beasts
  A wolf (shapeshifter) (Vaults:5)
  5 wolves
  10 centaurs
  3 lemures (D:7)
  A phantom (D:7)
  3 kobold brigands
  17 bullfrogs
  2 gnoll sergeants
  3 earth elementals
  3 scorpions
  2 human skeletons
  11 wights
  13 killer bees (Lair:4)
  A vampire bat (D:3)
  5 electric eels
  2 howler monkeys
  3 lava snakes
  A quasit (Abyss:2)
  3 hounds
  12 orc priests
  4 gnoll boudas
  7 jellies
  An iron imp (Abyss:2)
  A sleepcap (D:5)
  18 orc wizards
  5 iguanas
  2 hell rats (Lair:5)
  Robin (D:3)
  25 gnolls
  10 adders
  3 shadow imps (D:7)
  4 white imps
  2 ufetubi
  3 worms
  2 dart slugs
  5 fire bats
  64 orcs
  2 spectral bats (D:3)
  5 ball pythons
  3 bat skeletons (D:3)
  A bat zombie (D:3)
  15 endoplasms
  4 giant cockroaches
  23 goblins
  7 hobgoblins
  2 jackals (D:1)
  A quokka (D:3)
  13 bats
  A bat simulacrum (D:3)
  6 frilled lizards
  14 kobolds
  8 rats
  A spectral goblin (D:4)
  3 fire vortices (D:15)
1836 creatures vanquished.

Vanquished Creatures (collateral kills)
  2 ancient liches
  Xtahua (Depths:3)
  Nikola (Shoals:4)
  5 golden dragons
  3 tentacled monstrosities
  2 Orb Guardians (Zot:5)
  A deep elf blademaster (Elf:3)
  A titan (Vaults:5)
  4 death cobs
  A sphinx (Depths:2)
  A tengu reaver (Vaults:5)
  3 shadow dragons
  3 storm dragons
  2 draconian monks (Depths:4)
  5 deep elf sorcerers (Elf:3)
  A draconian scorcher (Zot:1)
  2 fire giants
  3 vault wardens
  4 ironbound preservers
  2 ghost moths
  3 deep elf elementalists (Elf:3)
  2 war gargoyles
  2 draconian shifters
  2 very ugly things
  2 draconian annihilators
  3 stone giants
  2 black draconians (Depths:4)
  2 yellow draconians
  7 deep elf annihilators (Elf:3)
  3 spark wasps
  A vampire knight (Depths:3)
  2 red draconians
  A white draconian (Depths:4)
  A deep elf death mage (Elf:3)
  2 ettins
  2 deep elf high priests
  2 merfolk impalers (Shoals:4)
  2 yaktaur captains
  3 fire dragons
  2 rakshasas
  A great orb of eyes (Vaults:3)
  2 vault guards (Vaults:3)
  A merfolk aquamancer (Shoals:4)
  2 ice dragons
  A caustic shrike simulacrum (Depths:2)
  2 spriggan air magi
  An ironbound frostheart (Vaults:3)
  2 catoblepae
  2 deep troll earth magi (Depths:2)
  A deep troll shaman (Depths:3)
  A tengu warrior (Depths:2)
  A spriggan berserker (Depths:1)
  A hell hog (Abyss:2)
  2 iron trolls (Depths:2)
  3 skeletal warriors (D:15)
  A pharaoh ant (Spider:3)
  2 orb spiders
  2 large abominations (Abyss:2)
  9 deep trolls
  2 glowing orange brains
  A phantasmal warrior (Vaults:5)
  3 steelbarb worms (Spider:1)
  2 ironbound convokers
  A deep elf zephyrmancer (Elf:3)
  A necromancer (Depths:2)
  4 ugly things
  2 wolf spiders
  A cyclops (shapeshifter) (Vaults:5)
  2 manticores (Shoals:4)
  An elephant (Lair:4)
  3 moths of wrath
  A fire giant skeleton (Depths:2)
  6 demonic crawlers
  3 vault sentinels (Vaults:5)
  2 cane toads (Lair:5)
  A torpor snail (Spider:2)
  9 yaktaurs
  An efreet (D:15)
  An elf skeleton (Vaults:3)
  A tengu conjurer (Depths:2)
  A meliai (Lair:4)
  A queen bee (Lair:4)
  An ancient zyme (Abyss:2)
  A hornet (Depths:1)
  2 wind drakes (Shoals:4)
  A tarantella (Spider:3)
  5 blink frogs (Lair:5)
  A snapping turtle (Shoals:4)
  A jumping spider (Spider:1)
  4 slime creatures
  A ynoxinul (Abyss:2)
  A culicivora (Spider:4)
  2 fire elementals (D:15)
  A yak (Lair:4)
  A basilisk (D:15)
  4 water elementals
  4 redbacks
  A glowing shapeshifter skeleton (Vaults:3)
  A hell hound (D:15)
  A bullfrog (Lair:4)
  An earth elemental (Elf:3)
  A small abomination (Abyss:2)
  7 killer bees (Lair:4)
  An electric eel (Lair:5)
  A starcursed mass (Abyss:2)
  2 hell rats (Lair:5)
  A fire vortex (D:15)
227 creatures vanquished.

Vanquished Creatures (others)
  A deep elf master archer (Elf:3)
  A fire giant (Depths:2)
  A very ugly thing (Vaults:5)
  A spark wasp (Spider:2)
  A merfolk javelineer (Shoals:4)
  A merfolk aquamancer (Shoals:1)
  A deep elf knight (Elf:3)
  A phantasmal warrior (Depths:2)
  A deep elf zephyrmancer (Elf:2)
  A water elemental (Shoals:4)
  A human (D:13)
  A lemure (D:7)
  2 kobolds (D:7)
  2 starspawn tentacles (Abyss:2)
16 creatures vanquished.

Grand Total: 2079 creatures vanquished

Notes
Turn   | Place    | Note
-------+----------+-------------------------------------------
     0 | D:1      | GamesABlazin the Minotaur Fighter began the quest for the
                  | Orb.
     0 | D:1      | Reached XP level 1. HP: 19/19 MP: 0/0
   141 | D:1      | Reached XP level 2. HP: 24/27 MP: 1/1
   398 | D:1      | Reached XP level 3. HP: 28/33 MP: 2/2
  1260 | D:2      | Found a sacrificial altar of Ru.
  1370 | D:2      | Reached skill level 5 in Axes
  1416 | D:2      | Reached XP level 4. HP: 40/40 MP: 3/3
  1871 | D:3      | Found a faded altar of an unknown god.
  2041 | D:3      | Reached XP level 5. HP: 46/46 MP: 4/4
  2161 | D:3      | Found a glowing drain.
  2385 | D:3      | Found an ancient bone altar of Kikubaaqudgha.
  2621 | D:3      | Noticed Robin
  2629 | D:3      | Killed Robin
  2638 | D:3      | Found a burning altar of Makhleb.
  2639 | D:3      | Found a glowing golden altar of the Shining One.
  2713 | D:3      | Found Xaol's Antique Weapon Shop.
  2792 | D:3      | Reached XP level 6. HP: 52/52 MP: 5/5
  3088 | D:4      | Found a staircase to the Ecumenical Temple.
  3252 | D:4      | Found Zosos's Jewellery Boutique.
  3501 | D:4      | Found a hazy altar of Hepliaklqana.
  3961 | Temple   | Entered the Ecumenical Temple
  4078 | D:3      | Became a worshipper of the Shining One
  4127 | D:5      | Entered Level 5 of the Dungeon
  4309 | D:5      | Reached XP level 7. HP: 35/58 MP: 6/6
  4591 | D:5      | Found a shadowy altar of Dithmenos.
  4708 | D:5      | Reached skill level 10 in Axes
  4792 | D:5      | Found a large runed translucent door.
  4800 | D:5      | Found a large runed translucent door.
  4978 | D:5      | Found a bloodstained altar of Trog.
  5140 | D:5      | Reached XP level 8. HP: 48/66 MP: 7/7
  5406 | D:5      | Noticed booth's ghost (novice DsMo)
  5480 | D:5      | Identified 2 scrolls of acquirement
  5482 | D:5      | Acquired the +10 broad axe "Earthworm" {venom, Fly Will+}
  5492 | D:5      | Acquired the +15 Maxwell's patent armour {-Cast -Tele rElec
                  | Will+ rCorr}
  5492 | D:5      | Found the +15 Maxwell's patent armour {-Cast -Tele rElec
                  | Will+ rCorr}
  5577 | D:6      | Identified the +6 spear "Katecofu" {venom, Int+6}
  5603 | D:6      | Reached * piety under the Shining One
  6132 | D:6      | Reached XP level 9. HP: 52/71 MP: 8/8
  6235 | D:6      | Noticed a two-headed ogre
  6241 | D:6      | Killed a two-headed ogre
  6241 | D:6      | Noticed a troll
  6245 | D:6      | Killed a troll
  6246 | D:6      | Reached skill level 15 in Axes
  6615 | D:7      | Noticed Pikel
  6615 | D:7      | Reached ** piety under the Shining One
  6629 | D:7      | Reached skill level 5 in Fighting
  6629 | D:7      | Killed Pikel
  6630 | D:7      | Reached XP level 10. HP: 52/83 MP: 9/9
  6669 | D:7      | Identified the +1 war axe of Xonimets {holy, Str+3}
  6676 | D:7      | Identified the +10 whip "Wanuor" {elec, rPois rF++ Str+3
                  | Stlth-}
  6805 | D:7      | Noticed a tengu warrior
  6812 | D:7      | Killed a tengu warrior
  6813 | D:7      | Reached skill level 5 in Dodging
  6813 | D:7      | Noticed a wizard
  6816 | D:7      | Killed a wizard
  6817 | D:7      | Reached skill level 5 in Armour
  6824 | D:7      | Got the Almanac of Shapes and the Shot
  6826 | D:7      | Identified the +2 helmet of the Sun {rElec rF+}
  6872 | D:7      | Reached skill level 5 in Shields
  7184 | D:7      | Found a shimmering altar of Xom.
  7334 | D:4      | Bought a ring of protection from fire for 325 gold pieces
  7510 | D:8      | Found a broken altar of Ashenzari.
  7566 | D:8      | Identified the +10 broad axe "Suquxtu" {freeze, rC- Str+3
                  | Dex+2}
  7660 | D:8      | Reached *** piety under the Shining One
  7701 | D:8      | Noticed Erica
  7707 | D:8      | Killed Erica
  7708 | D:8      | Reached skill level 1 in Invocations
  7945 | D:9      | Reached XP level 11. HP: 97/97 MP: 11/11
  8087 | D:9      | Found a staircase to the Orcish Mines.
  8194 | D:9      | Found a staircase to the Lair.
  8312 | D:9      | Reached skill level 10 in Fighting
  8573 | D:9      | Found a basalt altar of Yredelemnul.
  8575 | D:9      | Found a hide-covered altar of Uskayaw.
  8942 | D:10     | Entered Level 10 of the Dungeon
  8975 | D:10     | Noticed a white ugly thing
  8981 | D:10     | Killed a white ugly thing
  8982 | D:10     | Reached skill level 5 in Invocations
  9070 | D:10     | Identified the +0 ring mail of Oshiwnam {rElec Str+6 Dex-4
                  | SInv}
  9139 | D:10     | Noticed a two-headed ogre
  9143 | D:10     | Killed a two-headed ogre
  9238 | D:10     | Identified a scarf of resistance
  9722 | D:11     | Noticed Erolcha
  9725 | D:11     | Noticed Nergalle
  9729 | D:11     | Killed Erolcha
  9739 | D:11     | Killed Nergalle
  9739 | D:11     | Reached **** piety under the Shining One
  9949 | D:11     | Noticed a two-headed ogre
  9963 | D:11     | Killed a two-headed ogre
 10021 | D:11     | Noticed Fannar
 10035 | D:11     | Killed Fannar
 10036 | D:11     | Reached skill level 10 in Shields
 10176 | D:11     | Noticed a two-headed ogre
 10188 | D:11     | Killed a two-headed ogre
 10462 | D:12     | Reached XP level 12. HP: 106/106 MP: 15/15
 10495 | D:12     | Noticed a boulder beetle
 10501 | D:12     | Killed a boulder beetle
 10557 | D:12     | Noticed a centaur warrior
 10567 | D:12     | Killed a centaur warrior
 10598 | D:12     | Found a portal to a secret trove of treasure.
 10758 | D:12     | Noticed a two-headed ogre
 10766 | D:12     | Killed a two-headed ogre
 10808 | D:12     | Noticed a centaur warrior
 10813 | D:12     | Killed a centaur warrior
 11047 | D:12     | Reached skill level 10 in Armour
 11408 | D:13     | Noticed a two-headed ogre
 11412 | D:13     | Killed a two-headed ogre
 11419 | D:13     | Noticed a two-headed ogre
 11424 | D:13     | Killed a two-headed ogre
 11544 | D:13     | Noticed a tengu warrior
 11550 | D:13     | Killed a tengu warrior
 11793 | D:12     | Reached skill level 1 in Throwing
 11905 | D:13     | Noticed a vault guard
 11906 | D:13     | Reached ***** piety under the Shining One
 11906 | D:13     | Noticed a vault guard
 11918 | D:13     | Killed a vault guard
 11919 | D:13     | Reached XP level 13. HP: 88/113 MP: 16/16
 12081 | D:13     | Found a gate to the Vaults.
 12341 | D:14     | Noticed Snorg
 12349 | D:14     | Killed Snorg
 12455 | D:14     | Reached skill level 5 in Throwing
 12622 | D:14     | Reached skill level 10 in Dodging
 13110 | D:15     | Entered Level 15 of the Dungeon
 13110 | D:15     | Noticed Jorgrun
 13246 | Lair:1   | Entered Level 1 of the Lair of Beasts
 13287 | Lair:1   | You are sucked into a shaft and drop 1 floor!
 13287 | Lair:1   | The shaft crumbles and collapses.
 13768 | Lair:2   | Found a staircase to the Shoals.
 13878 | Lair:2   | Reached XP level 14. HP: 116/124 MP: 17/17
 14398 | Lair:3   | Noticed Rupert
 14415 | Lair:3   | HP: 12/124 [Rupert/+2 heavy great sword (35)]
 14482 | Lair:3   | Killed Rupert
 14574 | Lair:3   | Noticed Nessos
 14601 | Lair:3   | Killed Nessos
 15102 | Lair:3   | Found a hole to the Spider Nest.
 15253 | Lair:4   | Found a viscous altar of Jiyva.
 15410 | Lair:4   | Reached skill level 10 in Invocations
 15850 | Lair:4   | Found a staircase to the Slime Pits.
 15984 | Lair:5   | Entered Level 5 of the Lair of Beasts
 16015 | Lair:5   | Reached XP level 15. HP: 126/132 MP: 23/23
 16291 | Lair:5   | Identified the +1 robe of Sod Huac {Int+3}
 16369 | Lair:5   | Reached ****** piety under the Shining One
 16523 | Lair:5   | Acquired the scarf of Defiance {rC+ rF+, rN+ Regen+ Dex-2}
 16684 | Spider:1 | Entered Level 1 of the Spider Nest
 17750 | Spider:2 | Reached XP level 16. HP: 146/146 MP: 24/24
 17817 | Spider:3 | Noticed Louise
 17827 | Spider:3 | Killed Louise
 18195 | Spider:3 | Identified the +8 hand axe of False Accusations {freeze,
                  | SInv}
 19053 | Spider:4 | Entered Level 4 of the Spider Nest
 19053 | Spider:4 | Found a transporter.
 19056 | Spider:4 | Noticed Foghir's ghost (adept HaHu)
 19491 | Spider:4 | Reached skill level 15 in Invocations
 19534 | Spider:4 | Reached skill level 15 in Shields
 19749 | Spider:4 | Identified the +2 hat of the Saviour {Rampage}
 19891 | Spider:4 | Got a gossamer rune of Zot
 19933 | Spider:4 | Found a transporter.
 20818 | Orc:1    | Entered Level 1 of the Orcish Mines
 21092 | Orc:2    | Entered Level 2 of the Orcish Mines
 21166 | Orc:2    | Reached XP level 17. HP: 134/152 MP: 27/27
 21186 | Orc:2    | Found Iror's Armour Emporium.
 21189 | Orc:2    | Found Domeigul's Book Shoppe.
 21210 | Orc:2    | Found Asamm's Magic Scroll Emporium.
 21211 | Orc:2    | Found Oroskusm's Magic Scroll Boutique.
 21226 | Orc:2    | Bought a scroll of acquirement for 676 gold pieces
 21237 | Orc:2    | Bought a scroll of enchant armour for 112 gold pieces
 21262 | Orc:2    | Acquired the +13 crystal plate armour of Fyrechib {MP+9
                  | SInv}
 21313 | Orc:2    | Found a staircase to the Elven Halls.
 21677 | Elf:1    | Entered Level 1 of the Elven Halls
 21862 | Elf:1    | Noticed Donald
 21871 | Elf:1    | Killed Donald
 21942 | Elf:1    | You are sucked into a shaft and drop 1 floor!
 21942 | Elf:1    | The shaft crumbles and collapses.
 22051 | Elf:2    | Found a runed translucent gate.
 22051 | Elf:2    | Found a runed translucent gate.
 22052 | Elf:2    | Found a runed translucent gate.
 22491 | Elf:2    | Paralysed by an air elemental for 1 turns
 22613 | Elf:3    | Entered Level 3 of the Elven Halls
 22636 | Elf:3    | Reached skill level 15 in Fighting
 22704 | Elf:3    | Found a radiant altar of Vehumet.
 22705 | Elf:3    | Noticed Bai Suzhen
 22720 | Elf:3    | Killed Bai Suzhen
 22794 | Elf:3    | Found Jisuov's Assorted Antiques.
 22794 | Elf:3    | Found Ubimaosk's Jewellery Emporium.
 22798 | Elf:3    | Found Wysmiq's Book Shoppe.
 22807 | Elf:3    | Bought the amulet of Bisam {Faith Fragile rElec Regen+
                  | Dex+3} for 601 gold pieces
 23183 | Elf:3    | Reached XP level 18. HP: 165/166 MP: 28/28
 23272 | Elf:3    | Identified the amulet "Zatust" {Reflect Harm Drain SH+5
                  | SInv}
 23273 | Abyss:2  | Cast into level 2 of the Abyss (a deep elf demonologist)
 23289 | Abyss:2  | Found a corrupted altar of Lugonu.
 23335 | Abyss:2  | Found a corrupted altar of Lugonu.
 23363 | Abyss:2  | Noticed a lich
 23366 | Abyss:2  | Killed a lich
 23434 | Abyss:2  | Found a corrupted altar of Lugonu.
 23523 | Abyss:2  | Gained mutation: You do not regenerate when monsters are
                  | visible. [a neqoxec]
 23833 | Elf:3    | Escaped the Abyss
 23940 | Elf:3    | Identified the staff of death "Saseac Cuopn" {rN+ Int+3}
 24008 | Elf:3    | Identified the staff of earth "Lulodd" {Will+}
 24109 | Elf:3    | Identified the +1 rapier of Impermanence {freeze, *Noise
                  | +Blink Will+ Dex+2}
 24395 | Shoals:1 | Entered Level 1 of the Shoals
 24528 | Shoals:1 | You are sucked into a shaft and drop 1 floor!
 24528 | Shoals:1 | The shaft crumbles and collapses.
 25359 | Shoals:3 | Identified the +7 hand axe "Piajer" {vamp, rElec}
 25465 | Shoals:3 | Noticed Polyphemus
 25491 | Shoals:3 | Killed Polyphemus
 25492 | Shoals:3 | Reached skill level 15 in Armour
 25600 | Shoals:3 | Found Abbud's Distillery.
 25614 | Shoals:3 | Bought a potion of mutation for 88 gold pieces
 25614 | Shoals:3 | Bought a potion of berserk rage for 55 gold pieces
 25614 | Shoals:3 | Bought a potion of haste for 110 gold pieces
 25614 | Shoals:3 | Bought a potion of heal wounds for 55 gold pieces
 26016 | Shoals:4 | Entered Level 4 of the Shoals
 26016 | Shoals:4 | Found a stormy altar of Qazlal.
 26044 | Shoals:4 | Noticed Nikola
 26065 | Shoals:4 | Killed Nikola
 26066 | Shoals:4 | Reached XP level 19. HP: 149/185 MP: 29/29
 26069 | Shoals:4 | Paralysed by an air elemental for 1 turns
 26399 | Shoals:4 | Paralysed by an air elemental for 1 turns
 26404 | Shoals:4 | Paralysed by an air elemental for 1 turns
 26594 | Shoals:4 | Paralysed by an air elemental for 1 turns
 26794 | Shoals:4 | Got a barnacled rune of Zot
 28266 | D:15     | Killed Jorgrun
 28302 | D:15     | Noticed Azrael
 28311 | D:15     | Killed Azrael
 28595 | D:15     | Found a staircase to the Depths.
 28730 | Depths:1 | Entered Level 1 of the Depths
 28730 | Depths:1 | Found a gateway to Hell.
 29283 | Depths:1 | Found a one-way gate to the infinite horrors of the Abyss.
 29287 | Depths:1 | Identified the +10 sling of Wu Jian, Wizarding {freeze,
                  | *Corrode rElec Str+7 Int+2}
 30074 | Depths:2 | Reached XP level 20. HP: 193/193 MP: 30/30
 31114 | Depths:2 | Found a one-way gate leading to the halls of Pandemonium.
 31532 | Depths:2 | Reached skill level 10 in Throwing
 31660 | Depths:2 | Paralysed by a floating eye for 3 turns
 31663 | Depths:2 | Noticed a caustic shrike
 31664 | Depths:2 | Noticed a juggernaut
 31670 | Depths:2 | Noticed a caustic shrike
 31670 | Depths:2 | Noticed a caustic shrike
 31671 | Depths:2 | Noticed a caustic shrike
 31678 | Depths:2 | Paralysed by a floating eye for 2 turns
 31679 | Depths:2 | Killed a caustic shrike
 31790 | Depths:2 | Killed a caustic shrike
 31822 | Depths:2 | Killed a caustic shrike
 32059 | Depths:2 | Identified the +11 hand axe "Giczy" {elec, rC+}
 32099 | Depths:2 | Identified the +9 tower shield "Qeiganur" {*Corrode rPois
                  | rN++ Int-5}
 32102 | Depths:2 | Killed a caustic shrike
 32104 | Depths:2 | Killed a juggernaut
 32390 | Depths:2 | Identified the +1 chain mail of the Little Devil {Int+3}
 32689 | Depths:3 | Found a one-way gateway to a ziggurat.
 32773 | Depths:3 | Found an ornate altar of the Wu Jian Council.
 32860 | Depths:3 | Noticed Xtahua
 32863 | Depths:3 | Paralysed by Xtahua for 3 turns
 32872 | Depths:3 | Killed Xtahua
 32969 | Depths:3 | Noticed an ancient lich
 33029 | Depths:3 | Identified the +0 tower shield of Taiggi {Int+3 Dex+4}
 33034 | Depths:3 | Noticed a caustic shrike
 33046 | Depths:3 | Killed a caustic shrike
 33047 | Depths:3 | Reached XP level 21. HP: 144/201 MP: 33/33
 33126 | Depths:3 | Identified the +1 ring mail of Submission {Harm Rampage}
 33212 | Depths:3 | Killed an ancient lich
 33349 | Depths:3 | Noticed a dread lich
 33360 | Depths:3 | Killed a dread lich
 33455 | Depths:3 | Identified the +5 quarterstaff of Defenestration {flame,
                  | rF++ rN+ Int+3 SInv}
 33703 | Depths:4 | Entered Level 4 of the Depths
 34070 | Depths:4 | Found Tuujoemi's Book Shoppe.
 34074 | Depths:4 | Found Xihoufept's Jewellery Boutique.
 34075 | Depths:4 | Found Afi Zin's Book Shoppe.
 34377 | Depths:4 | Identified the +2 quarterstaff "Z" {freeze, Str+3}
 34438 | Depths:4 | HP: 19/202 [poisoned by a green draconian monk (poison
                  | gas)]
 34540 | Depths:4 | Noticed a golden dragon
 34546 | Depths:4 | Killed a golden dragon
 34766 | Depths:4 | Found a gate to the Realm of Zot.
 35107 | Depths:4 | Noticed a golden dragon
 35119 | Depths:4 | Killed a golden dragon
 35330 | Depths:4 | Reached XP level 22. HP: 213/213 MP: 35/35
 35800 | Vaults:1 | Entered Level 1 of the Vaults
 35852 | Vaults:1 | Found Xelaat's Armour Shop.
 36960 | Vaults:2 | Identified the +0 mace of Canidis {venom, rElec rF+}
 36990 | Vaults:2 | Found Axzuinekk's Antique Weapon Emporium.
 37219 | Vaults:2 | Identified the +1 robe of a bazaar {rF+ Will+}
 38702 | Vaults:3 | Reached XP level 23. HP: 198/224 MP: 36/36
 38737 | Vaults:3 | Found a staircase to the Crypt.
 40259 | Vaults:5 | Entered Level 5 of the Vaults
 40290 | Vaults:5 | Identified the +6 tower shield "Xaihish" {rN+++ Will-
                  | Regen+ Int+3}
 40435 | Vaults:5 | Lost mutation: You do not regenerate when monsters are
                  | visible. [potion of mutation]
 40435 | Vaults:5 | Gained mutation: You are dopey. (Int -2) [potion of
                  | mutation]
 40435 | Vaults:5 | Gained mutation: Your spells are a little harder to cast,
                  | but a little more powerful. [potion of mutation]
 40435 | Vaults:5 | Gained mutation: You are covered in fur. (AC +1) [potion of
                  | mutation]
 40435 | Vaults:5 | Gained mutation: Your muscles are strong. (Str +4, Int/Dex
                  | -1) [potion of mutation]
 40501 | Vaults:5 | Identified the +9 arbalest "Hos Nucy" {heavy, Drain rElec
                  | rCorr}
 40513 | Vaults:5 | Identified the ring of the Firefly {Wiz rN+}
 40545 | Vaults:5 | Identified the +9 hand axe "Joxy" {freeze, rC+ Stlth+}
 40564 | Vaults:5 | an acid blob changed into a caustic shrike
 40564 | Vaults:5 | Noticed a caustic shrike (glowing shapeshifter)
 40569 | Vaults:5 | Reached XP level 24. HP: 238/238 MP: 34/36
 40569 | Vaults:5 | Noticed a dread lich
 40587 | Vaults:5 | Killed a dread lich
 40692 | Vaults:5 | Identified the staff of death "Fothucew" {rN+ Dex+2}
 40757 | Vaults:5 | Identified the +3 mace of Lopn {elec, rCorr Int-4 Dex+3
                  | Stlth+}
 40794 | Vaults:5 | Identified the staff of fire "Ynurepp" {rF+ Int+8 Dex+3}
 41159 | Vaults:5 | Got Nitanoe's Compilation of the Red-Hot Curse
 41351 | Vaults:5 | Identified the +4 chain mail of Lifesk {Contam rC+ Dex+4
                  | Slay-2}
 41399 | Vaults:5 | Identified the +6 rapier of Pyromania {flame, MP+9 Str+2}
 41474 | Vaults:5 | Got the Codex of Coarse Obstruction
 41597 | Vaults:5 | Identified the +0 ring mail of Parlour Games {rC+ Str+3}
 41752 | Vaults:5 | Got a silver rune of Zot
 42136 | Orc:2    | Bought 2 scrolls of acquirement for 1560 gold pieces
 42136 | Orc:2    | Bought a scroll of teleportation for 45 gold pieces
 42136 | Orc:2    | Bought a scroll of fear for 60 gold pieces
 42136 | Orc:2    | Bought 3 scrolls of silence for 427 gold pieces
 42136 | Orc:2    | Bought a scroll of teleportation for 45 gold pieces
 42136 | Orc:2    | Acquired the +2 pair of boots of the Changing Gods {Dex+9}
 42155 | Orc:2    | Acquired the +1 hat of the Stag {Rampage rElec Dex+4
                  | Stlth+}
 42174 | Orc:2    | Bought a scroll of teleportation for 39 gold pieces
 42174 | Orc:2    | Bought a scroll of teleportation for 39 gold pieces
 42174 | Orc:2    | Bought a scroll of fog for 52 gold pieces
 42174 | Orc:2    | Bought a scroll of fog for 52 gold pieces
 42542 | Zot:1    | Entered Level 1 of the Realm of Zot
 43247 | Zot:2    | Identified the +0 quarterstaff of Pysechodau {speed, rC-
                  | rN++ Int+4}
 43980 | Zot:3    | Found a transporter.
 44092 | Zot:3    | Noticed an orb of fire
 44113 | Zot:3    | Killed an orb of fire
 44182 | Zot:3    | Found a transporter.
 44768 | Zot:4    | Reached XP level 25. HP: 250/250 MP: 36/36
 44843 | Zot:4    | Noticed a Killer Klown
 44862 | Zot:4    | Killed a Killer Klown
 45211 | Zot:5    | Entered Level 5 of the Realm of Zot
 45529 | Zot:5    | Noticed an ancient lich
 45535 | Zot:5    | Killed an ancient lich
 45764 | Zot:5    | Noticed a Killer Klown
 45771 | Zot:5    | Noticed an orb of fire
 45774 | Zot:5    | Gained mutation: Your magical capacity is low. (-10% MP)
                  | [an orb of fire]
 45775 | Zot:5    | Noticed a Killer Klown
 45794 | Zot:5    | Gained mutation: Your body sometimes deteriorates upon
                  | taking damage. [an orb of fire]
 45850 | Zot:5    | Noticed an orb of fire
 45850 | Zot:5    | Noticed an orb of fire
 45850 | Zot:5    | Noticed an orb of fire
 45850 | Zot:5    | Noticed an orb of fire
 45850 | Zot:5    | Noticed a Killer Klown
 45850 | Zot:5    | Noticed an orb of fire
 45850 | Zot:5    | Noticed a dread lich
 45850 | Zot:5    | Gained mutation: You are frail. (-10% HP) [an orb of fire]
 45851 | Zot:5    | Noticed an ancient lich
 45855 | Zot:5    | HP: 22/227 [orb of fire/bolt of fire (10)]
 45860 | Zot:5    | HP: 14/227 [death cob (18)]
 45863 | Zot:5    | Lost intelligence.
 45863 | Zot:5    | Gained mutation: You are very dopey. (Int -4) [an orb of
                  | fire]
 45866 | Zot:5    | HP: 18/227 [death cob (3)]
 45866 | Zot:5    | Annihilated by an Orb Guardian

Illustrated notes

Levels and vault maps discovered:
D:1:      shiori_arrival_maze, layout_loops_ring, minmay_misc_feat_plants,
          minmay_vboxes
D:2:      layout_loops_ring, basic_altar, guppyfry_early_lair_pool
D:3:      layout_basic, old_standard_altar, gammafunk_temple_overflow_pools,
          gup_sewer_entry_glass, serial_shops, nicolae_shop_peninsula,
          ebering_ecumenical_altar_abandoned, goddamned_bats, uniq_robin
D:4:      nicolae_cairo_tiling_large, layout_rooms,
          nicolae_hepliaklqana_monster_ancestors, minmay_temple_entry_trees,
          serial_shops, nicolae_shop_tiny_waterfront, kennysheep_generic_room_7
D:5:      layout_loops_ring, trog_antimagical, old_standard_altar,
          ebering_ghost_disaster_area, nicolae_half_adder
D:6:      layout_gridville, chequers_garden, minmay_small_thing
D:7:      minmay_the_grid_plus_closed [minmay_the_grid_garden,
          minmay_the_grid_plusring, minmay_the_grid_rooms,
          minmay_the_grid_small_cups, minmay_the_grid_prize_diamond_cup],
          layout_basic, kennysheep_little_box, uniq_pikel
D:8:      layout_cave_pools, ashenzari_conservatory_becter, uniq_erica
D:9:      layout_basic, chequers_temple_overflow_statue_of_worship,
          due_lair_maze_entry_diamond, orc_0_dummy
D:10:     layout_basic, serial_glass, glass_columns_a, glass_columns_a,
          glass_columns_c, glass_columns_a, minmay_misc_feat_doors
D:11:     layout_irregular_city, uniq_fannar, uniq_nergalle, uniq_erolcha
D:12:     layout_loops_ring, nicolae_trove_entry_crossroad, the_hattery
D:13:     layout_roguey, ximxim_vaults_locker_room
D:14:     layout_gridville, minivault_19, uniq_snorg
D:15:     grunt_enter_depths_snipers, layout_basic, nrook_mini_backslash,
          lemuel_flamethrower_3, uniq_azrael, uniq_jorgrun
Temple:   nicolae_temple_ecumenical_triangle
Lair:1:   layout_regular_city
Lair:2:   layout_cave_pods, nicolae_shoals_entry_roost,
          infiniplex_staircase_pool_2, grunt_megastairs_2, serial_bayou_shore_a
Lair:3:   nzn_winding_woodlands_small [nzn_winding_woodlands_5x15_parted,
          nzn_winding_woodlands_center_pierced_h,
          nzn_winding_woodlands_5x15_jagged], layout_gridlike,
          spider_nest_entry_funnel_web, grunt_forest_large_clearing_hut,
          uniq_nessos, uniq_rupert
Lair:4:   layout_cave_shapes, nicolae_slime_entry_field_trip, special_room
          [special_room_bee], minivault_23
Lair:5:   minmay_lair_end_frog_pond, layout_big_grid, grunt_forest_stairs_basic
Shoals:1: layout_shoals, nicolae_shoals_lost_giant_baths, centaur_isle
Shoals:2: layout_shoals, abandoned_shop
Shoals:3: layout_shoals, serial_shops, shop, nicolae_shoals_so_close,
          uniq_polyphemus
Shoals:4: shoals_end_hellmonk_storm_palace [storm_palace_center_square,
          storm_palace_corner_narrow, storm_palace_corner_blocked,
          storm_palace_corner_altar, storm_palace_corner_narrow], uniq_nikola
Spider:1: layout_spider_delve, hellmonk_narrow_tunnel
Spider:2: layout_spider_delve, nicolae_spider_bzzzt
Spider:3: layout_chambers, drop_trap, uniq_louise
Spider:4: guppyfry_spider_rune, gammafunk_ghost_mausoleum
Orc:1:    layout_caves, nicolae_orc_bridge_out, mines3_lemuel
Orc:2:    st_orc_open, layout_caves
Elf:1:    eino_elf_arrival_shootout, layout_geoelf_diagonals,
          kennysheep_underground_church, einodemon_crawler_minivault,
          lemuel_upstairs_altar, uniq_donald
Elf:2:    elven_hall_of_blades_hangedman_original [nooodl_blade_entry_preview],
          layout_geoelf_grid
Elf:3:    minmay_elf_hall_spiked, layout_rooms, basic_altar, minmay_shop_star,
          uniq_bai_suzhen
Vaults:1: nicolae_vaults_more_shelving_2, nicolae_vaults_trapezoid_layered,
          nicolae_vaults_twisting_passages, vaults_standard_mumra_lines,
          nicolae_vaults_storage_closets_1, nicolae_vaults_turnstiles,
          hangedman_vaults_corner_blocks, nicolae_vaults_double_plus_2,
          nicolae_vaults_variable_pillar_hall, grunt_vaults_diagonal, v_misc_30,
          nicolae_vaults_rhombus_7, layout_vaults_maze_bifur, serial_shops,
          nicolae_square_shop
Vaults:2: nicolae_vaults_circle_grid_b, nicolae_vaults_tetromino_T_2,
          vaults_standard_mumra_x, nicolae_vaults_theta, ontoclasm_vaults_eye,
          nicolae_vaults_little_squares_3, grunt_vaults_bifocal,
          nicolae_vaults_murder_corner, nicolae_vaults_tetromino_T_2,
          layout_vaults_chaotic_city, serial_shops, shop
Vaults:3: v_misc_29, nicolae_vaults_heist, vaults_dpeg_emergency_exit,
          nicolae_vaults_stepped_doors, minmay_crypt_entry_simple_plaza,
          v_misc_10, nicolae_vaults_shelves_hall,
          nicolae_vaults_storage_room_statues, vaults_room_grid,
          nicolae_vaults_trapezoid_lopsided_1, layout_vaults_omnigrid
Vaults:4: v_alt_pattern_2, v_misc_4, v_misc_25, v_misc_14,
          nicolae_vaults_yaktaur_gun_rack, nicolae_vaults_alarming,
          nicolae_vaults_double_plus_1, vaults_dpeg_diagonal,
          nicolae_vaults_diffraction_hallways, nicolae_vaults_six-pack,
          nicolae_vaults_cornered_office, vaults_room_stairs_pillars,
          ontoclasm_vaults_loading_screen, layout_vaults_ring
Vaults:5
Depths:1: kennysheep_green_arena, layout_gridlike, serial_co_window_serial,
          co_window_of_opportunity_a, co_window_corner_a, co_window_paths_b,
          co_window_corner_a, co_window_of_opportunity_a,
          co_window_unsneaky_path_a, co_window_corner_ca,
          co_window_of_opportunity_b, co_window_broadway_c, co_window_cross_3,
          co_window_cross_2, co_window_broadway_a, co_window_paths_e,
          glass_columns_a, minmay_misc_feat_diagonals, pf_hell_entry_tar_river,
          abyss_entry
Depths:2: grunt_bent_corner, layout_gridville, grunt_hell_entry_dis_old,
          rand_demon_pan_entry_7, serial_bayou_ford_a
Depths:3: wad_courtyard, layout_basic, enter_ziggurat_d,
          nzn_wu_jian_contemplation, abyss_entry, hell_entry, pan_entry,
          grunt_tough_drop, uniq_xtahua
Depths:4: lemuel_castle_with_subvaults [lemuel_castle_interior_carwin_3],
          layout_honeycomb, minmay_misc_feat_five, hell_entry, minmay_shop_grove
Zot:1:    layout_onion_interference
Zot:2:    kennysheep_six_static_rooms, layout_misc_corridors
Zot:3:    gammafunk_its_a_trap, layout_onion_interference, grunt_megastairs_5
Zot:4:    layout_misc_corridors
Zot:5:    layout_gridville, st_stairs_7

Skill      XL: |  1  2  3  4  5  6  7  8  9 10 11 12 13 14 15 16 17 18 19 20 21 22 23 24 25 |
---------------+----------------------------------------------------------------------------+-----
Axes           | 3 4 5 6 7 9 11 13 16 18 | 18.0
Fighting       | 6 9 10 11 14 16 20 21 22 24 25 26 | 26.3
Dodging        | 2 5 6 10 | 10.0
Armour         | 6 7 10 11 14 15 19 20 21 22 24 25 26 | 26.3
Shields        | 6 10 11 14 16 20 21 22 24 25 26 | 26.2
Invocations    | 1 6 12 15 18 20 | 20.0
Throwing       | 3 5 9 10 | 10.0

Action                     |  1- 3 |  4- 6 |  7- 9 | 10-12 | 13-15 | 16-18 | 19-21 | 22-24 | 25-27 || total
---------------------------+-------+-------+-------+-------+-------+-------+-------+-------+-------++-------
  Melee: War axe           |    93 |   184 |    79 |       |       |       |       |       |       ||   356
         Headbutt          |    12 |    24 |    36 |    91 |   171 |   252 |   437 |   517 |    82 ||  1622
         Broad axe         |       |       |    73 |   330 |   654 |   900 |  1210 |  1294 |   177 ||  4638
         Whip              |       |       |       |       |    15 |       |       |       |       ||    15
  Throw: Stone             |     9 |     6 |       |     1 |       |       |       |       |       ||    16
         Javelin           |       |       |       |     7 |     4 |       |     6 |     2 |       ||    19
 Invoke: Divine Shield     |       |       |       |     1 |     8 |     8 |    19 |    16 |     4 ||    56
         Summon Divine War |       |       |       |       |     4 |    13 |    21 |    20 |     6 ||    64
         Cleansing Flame   |       |       |       |       |     1 |     3 |     2 |     8 |     1 ||    15
  Evoke: Phantom mirror    |       |       |       |       |     1 |       |     2 |     1 |     1 ||     5
         Phial of floods   |       |       |       |       |       |       |       |       |     1 ||     1
    Use: Scroll            |       |       |    12 |    10 |     6 |     5 |     8 |    12 |     8 ||    61
         Potion            |       |       |       |       |     4 |     1 |    16 |     8 |     6 ||    35
 Armour: Scale mail        |    43 |    78 |    33 |       |       |       |       |       |       ||   154
         Chain mail        |       |       |     4 |       |       |       |       |       |       ||     4
         Plate armour      |       |       |    53 |   184 |   350 |   176 |       |       |       ||   763
         Crystal plate arm |       |       |       |       |       |   224 |   501 |   439 |   101 ||  1265
         Skin              |       |       |       |       |       |       |       |       |     1 ||     1
  Dodge: Dodged            |    27 |   104 |    52 |    78 |   307 |   274 |   162 |   244 |    54 ||  1302
  Block: Buckler           |    19 |    41 |    21 |    11 |       |       |       |       |       ||    92
         Kite shield       |       |       |       |   105 |   408 |       |       |       |       ||   513
         Tower shield      |       |       |       |       |       |   665 |  1112 |  1534 |   248 ||  3559
         Other             |       |       |       |       |       |    12 |       |       |       ||    12
